 Dungeon Crawl Stone Soup version 0.18.1-48-g4cf74bf (webtiles) character file.

720 Heedrag the Carver (level 7, -1/61 HPs)
             Began as a Minotaur Fighter on Aug 4, 2016.
             Slain by a phantom (6 damage)
             ... on level 4 of the Dungeon.
             The game lasted 00:05:12 (2757 turns).

Heedrag the Carver (Minotaur Fighter)               Turns: 2757, Time: 00:05:13

Health: -1/61      AC:  7    Str: 22    XL:     7   Next: 42%
Magic:  6/6        EV:  7    Int:  5    God:
Gold:   246        SH:  9    Dex: 10    Spells: 0 memorised, 6 levels left

rFire  . . .     SeeInvis .     a - +0 long sword
rCold  . . .     Gourm    .     b - +0 scale mail
rNeg   . . .     Faith    .     c - +0 shield
rPois  .         Spirit   .     (helmet restricted)
rElec  .         Dismiss  +     (no cloak)
rCorr  .         Reflect  .     (no gloves)
SustAt .         Harm     .     (no boots)
MR     .....                    i - amulet of dismissal
Stlth  ..........               (no ring)
                                (no ring)

@: not resistant to hostile enchantments, extremely unstealthy
A: retaliatory headbutt, horns 2
a: no special abilities


You were on level 4 of the Dungeon.
You were not hungry.

You visited 1 branch of the dungeon, and saw 4 of its levels.

You collected 246 gold pieces.

Inventory:

Hand Weapons
 a - a +0 long sword (weapon)
Armour
 b - a +0 scale mail (worn)
 c - a +0 shield (worn)
 z - the +5 helmet "Quicehal" {SInv, unknown}
   (You took it off Robin on level 3 of the Dungeon)

   It lets you see invisible.
Jewellery
 i - an amulet of dismissal (around neck)
 r - an uncursed amulet of magic regeneration
 y - a cursed -2 ring of dexterity {unknown}
Wands
 u - a wand of random effects (16/48)
Scrolls
 e - 2 scrolls of enchant weapon {unknown}
 l - a scroll of recharging {unknown}
 p - a scroll of fog {unknown}
 q - a scroll of magic mapping {unknown}
 s - 5 scrolls of identify {unknown}
 A - 4 scrolls of remove curse {unknown}
 B - a scroll of fear {unknown}
 C - a scroll of amnesia {unknown}
 D - 2 scrolls of teleportation {unknown}
Potions
 d - a potion of might
 j - 2 potions of lignification {unknown}
 k - a potion of ambrosia {unknown}
 m - a potion of curing {unknown}
 n - a potion of degeneration {unknown}
 o - a potion of resistance {unknown}
 t - a potion of agility {unknown}
 v - a potion of cure mutation {unknown}
Books
 w - a book of Summonings

   Spells                             Type                      Level
   a - Recall                         Summoning/Translocation      3
   b - Aura of Abjuration             Summoning                    5
   c - Summon Demon                   Summoning                    5
   d - Summon Forest                  Summoning/Translocation      5
   e - Summon Mana Viper              Hexes/Summoning              5
   f - Shadow Creatures               Summoning                    6
 x - a book of Conjurations

   Spells                             Type                      Level
   a - Magic Dart                     Conjuration                  1
   b - Searing Ray                    Conjuration                  2
   c - Dazzling Spray                 Conjuration/Hexes            3
   d - Fulminant Prism                Conjuration/Hexes            4
   e - Iskenderun's Mystic Blast      Conjuration                  4
   f - Iskenderun's Battlesphere      Conjuration/Charms           5
Comestibles
 f - 3 bread rations
 g - a slice of pizza
 h - 3 fruits
 E - 2 beef jerkies
 F - a meat ration
 G - 2 chunks of flesh


   Skills:
 + Level 5.4 Fighting
 * Level 8.6 Long Blades
 + Level 5.0 Armour
 - Level 3.6 Shields


You had 6 spell levels left.
You didn't know any spells.

Dungeon Overview and Level Annotations

Branches:
Dungeon (4/15)
 Temple: D:4-7

Altars:
Pakellas
Trog


Innate Abilities, Weirdness & Mutations

You reflexively headbutt those who attack you in melee.
You have a pair of horns on your head.


Message History

Tha phantom be heavily damaged.
Ye block tha phantom's attack.
Tha phantom hits ye.
* * * LOW HITPOINT WARNIN'
* * * Ye hit tha phantom but do nay damage.
Tha phantom be heavily damaged.
Tha phantom closely misses ye.
Ye furiously retaliate!
Ye headbutt tha phantom, but do nay damage.
Ye hit tha phantom but do nay damage.
Ye headbutt tha phantom.
Tha phantom be heavily damaged.
Tha phantom hits ye!
* * * LOW HITPOINT WARNIN'
* * * Ye slash tha phantom!
Tha phantom be almost destroyed.
Tha phantom hits ye.
* * * LOW HITPOINT WARNIN'
* * * Tha phantom blinks!
Ye barely miss tha phantom.
Tha phantom be severely damaged.
Tha phantom hits ye.
Ye die...

####.# #.# #. ####.# #.# ####.
#....# #...# #.... #....#####.#
#.### #..... ...........# #...#
####### #.####
##.######..###.#.###..... ...#
#.# #.....#...##... ...# #.#
#..#.#.....#.# #.# #.#
#..#...W@....# #.# ##.###
#..#.........#######.# #÷...##
#..#.................#### ......#
#..#!........#######.....
#...#............#...÷........##.
..............>.###..#######..##.
...(..######...## ##.# #..##.
#####.# #..## ##. #..##. # .# #
#..##.


You could see a phantom.

Vanquished Creatures
  The ghost of Ladykiller69 the Shield-Bearer, a novice FoFi (D:4)
  An ice beast (D:4)
  2 orc wizards (D:2)
  2 worker ants (D:4)
  Ijyb (D:2)
  Robin (D:3)
  3 gnolls (D:4)
  6 adders
  An ooze (D:2)
  A worm (D:2)
  4 dart slugs
  3 giant geckos
  2 orcs
  4 giant cockroaches
  19 goblins
  10 hobgoblins
  6 jackals
  6 kobolds
  2 quokkas
  A ball python (D:3)
  7 bats
  2 rats (D:1)
85 creatures vanquished.

Notes
Turn   | Place    | Note
--------------------------------------------------------------
     0 | D:1      | Heedrag the Minotaur Fighter began the quest for the Orb.
     0 | D:1      | Reached XP level 1. HP: 19/19 MP: 0/0
   169 | D:1      | Reached skill level 3 in Long Blades
   202 | D:1      | Reached XP level 2. HP: 22/26 MP: 1/1
   489 | D:1      | Reached skill level 4 in Long Blades
   515 | D:1      | Reached XP level 3. HP: 29/31 MP: 2/2
   727 | D:2      | Reached skill level 5 in Long Blades
   826 | D:2      | Found an oddly glowing altar of Pakellas.
  1005 | D:2      | Reached XP level 4. HP: 28/39 MP: 3/3
  1290 | D:2      | Noticed Ijyb
  1297 | D:2      | Killed Ijyb
  1413 | D:2      | Noticed an orc warrior
  1417 | D:2      | Reached skill level 6 in Long Blades
  1424 | D:2      | Reached XP level 5. HP: 17/45 MP: 4/4
  1575 | D:3      | Noticed Robin
  1589 | D:3      | Killed Robin
  1593 | D:3      | Got a translucent helmet
  1670 | D:3      | Reached skill level 7 in Long Blades
  1904 | D:3      | Found a bloodstained altar of Trog.
  2174 | D:4      | Noticed an ice beast
  2182 | D:4      | Killed an ice beast
  2182 | D:4      | Reached XP level 6. HP: 40/53 MP: 5/5
  2341 | D:4      | Noticed Ladykiller69's ghost (novice FoFi)
  2359 | D:4      | HP: 2/53 [Ladykiller69's ghost (2)]
  2362 | D:4      | Killed Ladykiller69's ghost
  2362 | D:4      | Reached skill level 5 in Fighting
  2362 | D:4      | Reached skill level 8 in Long Blades
  2362 | D:4      | Reached XP level 7. HP: 1/61 MP: 6/6
  2714 | D:4      | Reached skill level 5 in Armour
  2757 | D:4      | Slain by a phantom

Skill      XL: |  1  2  3  4  5  6  7 |
---------------+----------------------+-----
Long Blades    | 3 4 5 6 7 8 |  8.6
Fighting       | 4 5 |  5.4
Armour         | 4 5 |  5.0
Shields        | |  3.6

Action                   |  1- 3 |  4- 6 |  7- 9 || total
-------------------------+-------+-------+-------++-------
Melee: Long sword        |    77 |   128 |    26 ||   231
       Headbutt          |    11 |    17 |     4 ||    32
  Eat: Chunk             |       |     5 |     1 ||     6
Armor: Scale mail        |    44 |    50 |     7 ||   101
Dodge: Dodged            |    22 |    32 |     3 ||    57
Block: Shield            |    44 |    65 |    10 ||   119
